AoeStats
← Kaiser Ze

Arena

510034424Analyzed
1v1 RM · 3d ago on Sep 29, 2026· 25m 19s· 2 players
Game mode
Random Map
Map size
Tiny (2 player)
Population
200
Speed
Normal
Resources
Standard
Victory
Conquest
Starting age
Dark Age
Ending age
Imperial Age
RankedLock teamsTeams togetherTeam positionsShared explorationLock speedFull tech treeHidden civsTurbo modeCheats
Victory
Defeat
🇨🇳 Japanese · China
1298
+17
🇲🇽 Aztecs · Mexico
1315
-17
Kaiser Ze
9:59 Feudal Age
14:47 Castle Age
13:21 Double-Bit Axe
14:47 Gold Mining
14:43 Horse Collar
15:54 Bow Saw
18:52 Scale Mail Armor
19:02 Forging
19:31 Wheelbarrow
21:32 Arson
24:53 Squires
24:18 Man-at-Arms
Echidna
10:28 Feudal Age
14:18 Castle Age
12:21 Double-Bit Axe
13:51 Forging
15:04 Loom
15:56 Fervor
16:24 Fervor
20:00 Redemption
21:07 Gold Mining
Connection lost

Rejoining the realm…

Still unreachable

The connection could not be restored.

Session expired

The server has moved on; the page needs a fresh start.